 Dungeon Crawl Stone Soup version 0.26-a0-800-g517d6fe721 (webtiles) character file.

Game seed: 276735913070923280

59 reriks the Skirmisher (level 4, -7/49 HPs)
             Began as an Ogre Berserker on Nov 11, 2020.
             Was a Follower of Trog.
             Mangled by Sigmund
             ... wielding a +0 scythe
              (9 damage)
             ... on level 2 of the Dungeon.
             The game lasted 00:01:13 (1833 turns).

reriks the Skirmisher (Ogre Berserker)              Turns: 1833, Time: 00:01:13

Health: -7/49      AC:  3    Str: 22    XL:     4   Next: 3%
Magic:  4/4        EV: 10    Int:  8    God:    Trog [*.....]
Gold:   76         SH:  0    Dex:  8    Spells: 3/3 levels left

rFire    . . .     SeeInvis .   e - +0 whip (venom)
rCold    . . .     Faith    .   (no shield)
rNeg     . . .     Spirit   .   b - +0 animal skin
rPois    .         Reflect  .   (helmet restricted)
rElec    .         Harm     .   (no cloak)
rCorr    .         Rampage  .   (gloves unavailable)
MR       .....                  (boots unavailable)
Stlth    +.........             (no amulet)
HPRegen  0.16/turn              (no ring)
MPRegen  0.09/turn              (no ring)

@: berserk cooldown, slowed, very slow
A: large, unfitting armour, tough skin 1
a: Berserk, Renounce Religion


You were on level 2 of the Dungeon.
You worshipped Trog.
Trog was aware of your devotion.
You visited 1 branch of the dungeon, and saw 2 of its levels.

You collected 76 gold pieces.

Inventory:

Hand Weapons
 a - a +0 mace
 e - a +0 whip of venom (weapon)
Missiles
 c - 4 large rocks (quivered)
 d - 24 stones
Armour
 b - a +0 animal skin (worn)
Scrolls
 f - a scroll of blinking {unknown}
 g - a scroll of immolation {unknown}
 h - 2 scrolls of amnesia {unknown}
 l - a scroll of teleportation {unknown}
 m - a scroll of identify {unknown}
Potions
 i - a potion of brilliance {unknown}
 j - a potion of flight {unknown}
 k - a potion of haste {unknown}


   Skills:
 + Level 4.6 Fighting
 * Level 3.4 Maces & Flails
 * Level 1.5 Armour
 - Level 2.7 Dodging


You had 3 spell levels left.
You didn't know any spells.
Your spell library was empty.

Dungeon Overview and Level Annotations

Branches:
Dungeon (2/15)

Altars:

Annotations:
D:2 Sigmund


Innate Abilities, Weirdness & Mutations

You are too large for most types of armour.
You have tough skin. (AC +1)


Message History

Sigmund is severely wounded.
Sigmund gestures at you while chanting.
You are confused.
You bump into the rock wall.
Sigmund hits you with a +0 scythe!
You feel a strong urge to attack something.
You are no longer berserk.
You are exhausted.
You feel yourself slow down.
Sigmund hits you from afar with a +0 scythe!
* * * LOW HITPOINT WARNING * * *
Sigmund hits you with a +0 scythe!
* * * LOW HITPOINT WARNING * * *
You barely miss Sigmund.
Sigmund is severely wounded.
Sigmund gestures wildly while chanting.
Sigmund flickers and vanishes!
Deactivating autopickup; reactivate with Ctrl-A.
You feel less confused. Something hits you!
You die...

##........#
#........#
#........#
#.####.###
#.#....######
#......#...<#
#.....##.#####
##.......{...#
#......@.....#
##............#
#.............#
##.............####
....####.##.......#
...... #.##.#####.#
..#... #.##.# #
.... .# #.##.#
#...(#. #.##.#


There were no monsters in sight!

Vanquished Creatures
  An adder (D:2)
  2 worms (D:2)
  A dart slug (D:2)
  2 leopard geckos
  3 bats
  A giant cockroach (D:1)
  11 goblins
  2 hobgoblins (D:1)
  3 jackals (D:1)
  2 frilled lizards
  5 kobolds
  5 rats
38 creatures vanquished.

Notes
Turn   | Place    | Note
-------+----------+-------------------------------------------
     0 | D:1      | reriks the Ogre Berserker began the quest for the Orb.
     0 | D:1      | Reached XP level 1. HP: 24/24 MP: 1/1
   307 | D:1      | Reached XP level 2. HP: 28/32 MP: 2/2
   694 | D:1      | Reached skill level 1 in Armour
   833 | D:1      | Reached XP level 3. HP: 40/40 MP: 3/3
  1191 | D:2      | Reached ** piety under Trog
  1574 | D:2      | Reached XP level 4. HP: 41/49 MP: 4/4
  1641 | D:2      | Noticed Sigmund
  1831 | D:2      | HP: 1/49 [Sigmund/+0 scythe (10)]
  1833 | D:2      | Mangled by Sigmund

Illustrated notes

Levels and vault maps discovered:
D:1:      lightli_iron_boxes, layout_basic
D:2:      layout_basic, nrook_mini_backslash, kennysheep_big_empty_room,
          uniq_sigmund

Skill      XL: |  1  2 |
---------------+-------+-----
Maces & Flails | 3 |  3.4
Armour         | 1 |  1.5
Fighting       | |  4.6
Dodging        | |  2.7

Action                   |  1- 3 |  4- 6 || total
-------------------------+-------+-------++-------
Melee: Mace              |    42 |       ||    42
       Whip              |    70 |    10 ||    80
Invok: Berserk           |       |     1 ||     1
Armor: Animal skin       |    35 |       ||    35
Dodge: Dodged            |    78 |     1 ||    79

Table legend: (Time is in decaauts)
 A = Elapsed time spent in this place.
 B = Non-inter-level travel time spent in this place.
 C = Inter-level travel time spent in this place.
 D = Time resting spent in this place.
 E = Time spent auto-exploring this place.
 F = Levels seen in this place.
 G = Mean time per level.
                   A        B        C        D        E       F      G
               +--------+--------+--------+--------+--------+-----+--------+
         Total |   1837 |   1804 |     33 |    644 |    872 |   2 |  918.5 |
       Dungeon |   1837 |   1804 |     33 |    644 |    872 |   2 |  918.5 |
               +--------+--------+--------+--------+--------+-----+--------+

Top non-repeatable levels by time:
     D:1: 1342 daAuts
     D:2: 495 daAuts
